 Dungeon Crawl Stone Soup version 0.30.1 (webtiles) character file.

Game seed: 15626556806339560624

223 spardeous the Digger (level 5, 0/21 HPs)
             Began as a Felid Earth Elementalist on July 12, 2023.
             Was an Initiate of Gozag.
             Slain by Pargi (6 damage)
             ... on level 3 of the Dungeon.
             The game lasted 00:08:57 (2453 turns).

spardeous the Digger (Felid Earth Elementalist)     Turns: 2453, Time: 00:08:58

Health: 0/21       AC:  1    Str:  4    XL:     5   Next: 66%
Magic:  5/9        EV: 17    Int: 18    God:    Gozag
Gold:   175        SH:  0    Dex: 17    Spells: 7/8 levels left
                                        Lives:  0   Deaths: 1

rFire   . . .        (weapon unavailable)
rCold   . . .        (shield unavailable)
rNeg    . . .        (body armour unavailable)
rPois   .            (helmet unavailable)
rElec   .            (cloak unavailable)
rCorr   .            (gloves unavailable)
SInv    +            (boots unavailable)
Will    .....        (no amulet)
Stlth   ++           (no ring)
HPRegen 0.23/turn    (no ring)
MPRegen 0.11/turn

%: no passive effects
@: gold aura, quick
A: very small, claws 1, fangs 3, see invisible, speed 1, shaggy fur 1, stealthy
paws, no weapons or thrown items, no armour, multi-lived
a: Renounce Religion, Potion Petition, Call Merchant, Bribe Branch


You were on level 3 of the Dungeon.
You worshipped Gozag.
Gozag was aware of your devotion.
You visited 2 branches of the dungeon, and saw 6 of its levels.

You collected 244 gold pieces.
You paid 69 gold pieces to Gozag.

Inventory:

Wands
 g - a wand of mindburst (11)
Scrolls
 b - a scroll of enchant weapon {unknown}
 e - 2 scrolls of identify {unknown}
 h - a scroll of immolation {unknown}
 j - a scroll of noise {unknown}
 l - 2 scrolls of silence {unknown}
 n - a scroll of enchant armour {unknown}
Potions
 a - a potion of magic
 c - 2 potions of haste {unknown}
 d - a potion of resistance {unknown}
 f - a potion of lignification {unknown}
 i - a potion of heal wounds {unknown}
 k - 3 potions of degeneration {unknown}
 m - 2 potions of curing {unknown}


   Skills:
 + Level 2.8 Dodging
 - Level 2.6 Stealth
 - Level 2.0 Spellcasting
 - Level 1.1 Transmutations
 + Level 6.3 Earth Magic


You had 7 spell levels left.
You knew the following spells:

 Your Spells              Type           Power      Damage    Failure   Level
a - Sandblast             Erth           48%        2d12      1%          1

Your spell library contained the following spells:

 Spells                   Type           Power      Damage    Failure   Level
 Passwall                 Tmut/Erth      12%        N/A       6%          2
 Stone Arrow              Conj/Erth      26%        3d8       14%         3
 Petrify                  Tmut/Erth      15%        N/A       36%         4
 Frozen Ramparts          Ice            2%         1d1       47%         3
 Ice Form                 Ice/Tmut       3%         N/A       82%         4
 Summon Ice Beast         Ice/Summ       1%         N/A       87%         4


Dungeon Overview and Level Annotations

Branches:
Dungeon (5/15)             Temple (1/1) D:4

Altars:
Dithmenos
Elyvilon
Gozag
Hepliaklqana
Makhleb
Nemelex Xobeh
Okawaru
Qazlal
Trog
Uskayaw
Xom
Yredelemnul
Zin

Annotations:
D:2 1 runed translucent door, Crazy Yiuf
D:3 Pargi
Temple 2 transporters


Innate Abilities, Weirdness & Mutations

You have sharp claws.
You have razor-sharp teeth.
You have supernaturally acute eyesight. (SInv)
You cover ground quickly. (Speed+)
You are covered in fur. (AC +1)
Your paws help you pounce on unaware monsters.
You are incapable of wielding weapons or throwing items.
You cannot wear armour.
You gain extra lives every three experience levels.


Message History

Confirm with . or Enter, or press ? or * to list all spells.
Aiming: Sandblast (safe; 1% risk of failure)
Press: ? - help, Shift-Dir - straight line, f - adder
Aim: an adder (72% to hit)
The blast of sand hits the adder!
The adder is almost dead.
The adder closely misses you. The adder misses you.
Casting: Sandblast (safe; 1% risk of failure)
Confirm with . or Enter, or press ? or * to list all spells.
Aiming: Sandblast (safe; 1% risk of failure)
Press: ? - help, Shift-Dir - straight line, f/p - adder
Aim: an adder (almost dead, 72% to hit)
The blast of sand hits the adder!
You kill the adder!
Pargi shouts!
Casting: Sandblast (safe; 1% risk of failure)
Confirm with . or Enter, or press ? or * to list all spells.
Aiming: Sandblast (safe; 1% risk of failure)
Press: ? - help, Shift-Dir - straight line, f - orc
Aim: an orc, wielding a +0 whip (83% to hit)
The blast of sand hits the orc!
You kill the orc!
The orc is distracted by your dazzling golden aura.
A rat comes into view.
Pargi looks very sad for a moment.
The orc hits you with a +0 short sword.
Casting: Sandblast (safe; 1% risk of failure)
Confirm with . or Enter, or press ? or * to list all spells.
Aiming: Sandblast (safe; 1% risk of failure)
Press: ? - help, Shift-Dir - straight line, f - Pargi
Aim: Pargi (79% to hit)
The blast of sand misses Pargi.
The orc shouts!
The orc is no longer distracted by gold.
The orc hits you with a +0 short sword. Pargi completely misses you.
Pargi barely misses you. Pargi claws you.
* * * LOW HITPOINT WARNING * * *
Found 3 gold pieces.
Pargi bites you.
You die...
Your body crumbles into a pile of gold.

.......... .
#.......... ..
#......... ...
#........ ....
#.....#.#
.....#....##.##
....#....##...##
$......@##$....##.#
.......T.oo.⌠.....#
.:...#..###...####
.... #### #...# ...
#.!o# .. #.>.# #
#...# #####


You could see Pargi and 2 orcs.

Vanquished Creatures
  A black bear (D:4)
  A phantom (D:4)
  4 gnolls (D:4)
  5 adders
  A dart slug (D:4)
  9 orcs
  4 ball pythons
  An endoplasm (D:2)
  6 goblins
  3 hobgoblins
  6 jackals
  5 kobolds
  2 quokkas
  A bat (D:2)
  A frilled lizard (D:2)
  2 rats
  A spectral hobgoblin (D:1)
53 creatures vanquished.

Notes
Turn   | Place    | Note
-------+----------+-------------------------------------------
     0 | D:1      | spardeous the Felid Earth Elementalist began the quest for
                  | the Orb.
     0 | D:1      | Reached XP level 1. HP: 7/7 MP: 4/4
    99 | D:2      | Reached skill level 3 in Earth Magic
   132 | D:2      | Reached XP level 2. HP: 11/11 MP: 3/6
   325 | D:3      | Reached XP level 3. HP: 14/14 MP: 4/7
   492 | D:4      | Noticed a black bear
   524 | D:4      | Killed a black bear
   525 | D:4      | Reached skill level 5 in Earth Magic
   525 | D:4      | Reached XP level 4. HP: 2/18 MP: 3/8
   639 | D:4      | Found an iron altar of Okawaru.
   653 | D:4      | Reached XP level 5. HP: 21/21 MP: 6/9
   791 | D:4      | Found a staircase to the Ecumenical Temple.
   796 | D:4      | Noticed a phantom
   816 | Temple   | Entered the Ecumenical Temple
   816 | Temple   | Found a transporter.
   816 | Temple   | Found a transporter.
   818 | Temple   | Found a transporter.
   818 | Temple   | Found a transporter.
  1112 | D:2      | Found a runed translucent door.
  1113 | D:2      | Noticed Crazy Yiuf
  1158 | D:1      | Found a faded altar of an unknown god.
  1748 | Temple   | Became a worshipper of Gozag Ym Sagoz the Greedy
  1792 | D:4      | Slain by an orc
  1793 | D:4      | Reached XP level 4. HP: 0/16 MP: 5/8
  1861 | D:4      | Found a shadowy altar of Dithmenos.
  1965 | D:4      | Killed a phantom
  1966 | D:4      | Reached skill level 6 in Earth Magic
  1966 | D:4      | Reached XP level 5. HP: 12/21 MP: 0/9
  2422 | D:5      | Entered Level 5 of the Dungeon
  2447 | D:3      | Noticed Pargi
  2453 | D:3      | Slain by Pargi

Illustrated notes

Levels and vault maps discovered:
D:1:      amcnicky_arrival_choice, layout_basic,
          dreamdust_ecumenical_altar_drowned_temple, palyth_stone_intersect
D:2:      layout_rooms, uniq_natasha, uniq_crazy_yiuf_cottage
D:3:      layout_rooms, nicolae_tso_besieged_by_evil, grunt_ministairs_14,
          corner_web_ring, uniq_pargi
D:4:      layout_rooms, nicolae_dithmenos_shadow_blocks,
          overflow_temple_1_default, minmay_temple_entry_grid,
          kennysheep_generic_room_4
D:5:      layout_basic, mainiacjoe_overflow_big_doors
Temple:   hellmonk_temple_divided_pantheon

Skill      XL: |  1  2  3  4 |
---------------+-------------+-----
Earth Magic    | 3 5 6 |  6.3
Dodging        | |  2.8
Stealth        | |  2.6
Spellcasting   | |  2.0
Transmutations | |  1.1

Action                     |  1- 3 |  4- 6 || total
---------------------------+-------+-------++-------
  Melee: Unarmed           |       |     5 ||     5
         Bite              |       |     1 ||     1
   Cast: Sandblast         |    28 |    62 ||    90
 Armour: Skin              |       |    15 ||    15
  Dodge: Dodged            |     7 |   133 ||   140
